 Dungeon Crawl Stone Soup version 0.19.4-8-ga85b6b9 (webtiles) character file.

6995 Naow the Severer (level 10, -4/77 HPs)
             Began as a Minotaur Berserker on Feb 14, 2017.
             Was a High Priest of Trog.
             Slain by an unseen horror (7 damage)
             ... on level 9 of the Dungeon.
             The game lasted 00:14:53 (12488 turns).

Naow the Severer (Minotaur Berserker)              Turns: 12488, Time: 00:14:54

Health: -4/77      AC:  9    Str: 30    XL:     10   Next: 82%
Magic:  4/9        EV: 11    Int:  4    God:    Trog [*****.]
Gold:   703        SH:  0    Dex:  9    Spells: 0 memorised, 9 levels left

rFire  . . .     SeeInvis .     L - +1 battleaxe
rCold  . . .     Gourm    .     E - +0 scale mail
rNeg   . . .     Faith    +     (shield currently unavailable)
rPois  .         Spirit   .     (helmet restricted)
rElec  .         Reflect  .     D - +0 cloak
rCorr  .         Harm     .     (no gloves)
MR     ++...                    (no boots)
Stlth  ..........               J - amulet of faith
                                y - +4 ring of strength
                                (no ring)

@: exhausted, regenerating, slowed, very slow
A: retaliatory headbutt, horns 2
a: Berserk, Trog's Hand, Brothers in Arms, Burn Spellbooks, Renounce Religion


You were on level 9 of the Dungeon.
You worshipped Trog.
Trog was extremely pleased with you.
You were very hungry.

You visited 1 branch of the dungeon, and saw 9 of its levels.
You also visited: Sewer.

You collected 703 gold pieces.

Inventory:

Hand Weapons
 a - a +0 hand axe
 L - a +1 battleaxe (weapon)
Armour
 b - a +0 animal skin
 D - a +0 cloak (worn)
 E - a +0 scale mail (worn)
Jewellery
 g - an uncursed amulet of guardian spirit
 k - an uncursed ring of stealth
 y - a +4 ring of strength (right hand)
 F - an uncursed ring of protection from cold
 J - an amulet of faith (around neck)
 M - a +2 ring of evasion
Wands
 l - a wand of flame (26/48)
 A - a wand of flame (32/48)
 B - a wand of paralysis (14/24)
 I - a wand of flame (27/48)
Scrolls
 d - 13 scrolls of identify {unknown}
 e - 2 scrolls of immolation
 f - a scroll of enchant weapon
 n - 2 scrolls of teleportation
 u - a scroll of amnesia {unknown}
 z - 2 scrolls of enchant armour {unknown}
 G - a scroll of silence {unknown}
 R - a scroll of random uselessness {unknown}
Potions
 h - a potion of invisibility {unknown}
 i - 9 potions of curing {unknown}
 j - 2 potions of cancellation {unknown}
 m - 4 potions of might {unknown}
 o - 7 potions of brilliance {unknown}
 t - 3 potions of heal wounds {unknown}
 v - 2 potions of agility {unknown}
 w - 4 potions of flight {unknown}
 x - a potion of degeneration {unknown}
 K - a potion of haste
 O - 2 potions of mutation {unknown}
Books
 T - a book of Maledictions

   Spells                             Type                      Level
   a - Corona                         Hexes                        1
   b - Ensorcelled Hibernation        Hexes/Ice                    2
   c - Confuse                        Hexes                        3
   d - Tukima's Dance                 Hexes                        3
   e - Dazzling Spray                 Conjuration/Hexes            3
   Trog disapproves of the use of such an item.
Comestibles
 c - 10 bread rations
 C - 2 fruits
 N - 3 meat rations
 P - 4 chunks of flesh


   Skills:
 - Level 3.6 Fighting
 - Level 17.2 Axes
 + Level 8.1 Armour
 - Level 2.1 Dodging


You had 9 spell levels left.
You didn't know any spells.

Dungeon Overview and Level Annotations

Branches:
Dungeon (9/15)             Temple (0/1) D:6            Lair (0/6) D:8
    Orc: D:9-12

Altars:
Elyvilon
Gozag
Hepliaklqana
Qazlal
Ru
Uskayaw
Zin
The Shining One
Beogh

Shops:
D:5 *


Innate Abilities, Weirdness & Mutations

You reflexively headbutt those who attack you in melee.
You have a pair of horns on your head.


Message History

Something hits you but does no damage. Something hits you but does no damage.
You swing at nothing.
Something hits you but does no damage.
Your scale mail prevents you from hitting something.
Something hits you but does no damage.
You swing at nothing.
Something hits you.
* * * LOW HITPOINT WARNING * * *
You swing at nothing.
Something hits you but does no damage. Something hits you.
* * * LOW HITPOINT WARNING * * *
You closely miss something. You headbutt something!
Something hits you but does no damage. x2; Something hits you.
* * * LOW HITPOINT WARNING * * *
You closely miss something. Something hits you but does no damage.
You swing at nothing.
Something hits you.
* * * LOW HITPOINT WARNING * * *
You swing at nothing.
Something hits you.
* * * LOW HITPOINT WARNING * * *
You closely miss something. Your headbutt misses something. Something hits you!
You die...

#.........# *,# ***
#.........#########.####******,,
#......................[,,,,,,,*
#..........####.=...##****,*****
#..........# #.###.# *,****8
#..........# #.# *,* *,**8,,
#..........# #.#**,* *,**,,,
#..........# #{#*,,* *,*>,,,
#..........# #@#*,,* ****,,,
###.#.....># #.#*,,* ***8,,
#.###.#### #.#*,,* ***8 #.# #.#
#.#*,,* *** #<# #.# ##.#*,,* *,*
#.###.## ##.#.#,,* *,*
#)##.#.####.###..,**********,*
#...###....## *#...,,,,,,,,,,*
#..#.#.####(#**,####**********


There were no monsters in sight!

Vanquished Creatures
  Pikel (D:5)
  2 hippogriffs
  A spriggan (D:7)
  10 yaks (D:9)
  2 wyverns
  Menkaure (D:7)
  Duvessa (D:7)
  2 sky beasts
  3 orc warriors
  A phantom (D:7)
  A black bear (D:7)
  An eye of draining (D:9)
  An ogre (D:4)
  2 centaurs
  2 big kobolds (Sewer)
  5 bullfrogs
  A wyvern zombie (D:6)
  4 scorpions
  A wyvern skeleton (D:9)
  Dowan (D:7)
  4 wights (D:7)
  3 electric eels (D:6)
  8 howler monkeys
  2 crimson imps
  A quasit (D:8)
  A bullfrog zombie (D:4)
  7 hounds
  8 orc priests
  2 jellies
  A centaur skeleton (D:5)
  9 orc wizards
  Ijyb (D:2)
  5 iguanas
  8 worker ants
  A hound skeleton (D:6)
  4 gnolls (D:6)
  6 river rats (Sewer)
  7 adders
  4 shadow imps
  An ooze (D:7)
  An adder skeleton (D:6)
  An adder zombie (D:9)
  3 worms
  A dart slug (D:1)
  7 leopard geckos
  51 orcs
  6 ball pythons
  4 bats
  14 giant cockroaches
  9 goblins
  8 hobgoblins
  10 jackals
  16 kobolds
  4 quokkas
  3 frilled lizards
  A leopard gecko skeleton (D:7)
  A leopard gecko zombie (D:6)
  24 rats
290 creatures vanquished.

Vanquished Creatures (others)
  A slave (D:5)
  A plant (D:6)
2 creatures vanquished.

Grand Total: 292 creatures vanquished

Notes
Turn   | Place    | Note
-------+----------+-------------------------------------------
     0 | D:1      | Naow the Minotaur Berserker began the quest for the Orb.
     0 | D:1      | Reached XP level 1. HP: 19/19 MP: 0/0
    60 | D:1      | Reached skill level 4 in Axes
   143 | D:1      | Reached XP level 2. HP: 22/26 MP: 1/1
   776 | D:1      | Reached skill level 5 in Axes
   841 | D:1      | Reached XP level 3. HP: 29/31 MP: 2/2
  1369 | D:2      | Reached ** piety under Trog
  1562 | D:2      | Noticed Ijyb
  1570 | D:2      | Killed Ijyb
  1839 | D:2      | Reached skill level 6 in Axes
  1839 | D:2      | Reached XP level 4. HP: 18/39 MP: 3/3
  2538 | D:3      | Reached XP level 5. HP: 26/45 MP: 4/4
  2547 | D:3      | Reached skill level 7 in Axes
  3561 | D:3      | Reached skill level 8 in Axes
  3730 | D:4      | Reached XP level 6. HP: 51/51 MP: 5/5
  3780 | D:4      | Found a glowing drain.
  3812 | Sewer    | Entered a sewer
  3837 | Sewer    | Reached *** piety under Trog
  4105 | Sewer    | Reached skill level 9 in Axes
  4515 | Sewer    | Reached XP level 7. HP: 47/57 MP: 6/6
  5000 | D:4      | Reached **** piety under Trog
  5000 | D:4      | Reached skill level 10 in Axes
  5776 | D:4      | Reached skill level 11 in Axes
  6023 | D:5      | Entered Level 5 of the Dungeon
  6149 | D:5      | Reached XP level 8. HP: 56/64 MP: 5/7
  6343 | D:5      | Noticed Pikel
  6353 | D:5      | Killed Pikel
  6353 | D:5      | Reached skill level 13 in Axes
  6473 | D:5      | Found Fooleq's General Store.
  6530 | D:5      | Found a hide-covered altar of Uskayaw.
  6578 | D:5      | Found a white marble altar of Elyvilon.
  6578 | D:5      | Found a faded altar of an unknown god.
  6583 | D:5      | Found a faded altar of an unknown god.
  6585 | D:5      | Found a faded altar of an unknown god.
  6587 | D:5      | Found a faded altar of an unknown god.
  6663 | D:5      | Found an opulent altar of Gozag.
  6782 | D:5      | Found a stormy altar of Qazlal.
  7032 | D:6      | Reached XP level 9. HP: 32/70 MP: 4/8
  7304 | D:6      | Found a glowing silver altar of Zin.
  7410 | D:6      | Reached skill level 14 in Axes
  8316 | D:6      | Reached ***** piety under Trog
  8348 | D:6      | Found a staircase to the Ecumenical Temple.
  8454 | D:7      | Noticed Dowan
  8456 | D:7      | Noticed Duvessa
  8463 | D:7      | Killed Dowan
  8470 | D:7      | Killed Duvessa
  8576 | D:7      | Reached skill level 15 in Axes
  8761 | D:7      | Noticed Menkaure
  8773 | D:7      | Killed Menkaure
  9507 | D:7      | Found a sacrificial altar of Ru.
  9564 | D:7      | Reached skill level 16 in Axes
 10036 | D:8      | Found a hazy altar of Hepliaklqana.
 10094 | D:8      | Reached XP level 10. HP: 68/77 MP: 6/9
 10227 | D:8      | Found a glowing golden altar of the Shining One.
 10420 | D:8      | Found a staircase to the Lair.
 10632 | D:8      | Found a roughly hewn altar of Beogh.
 11521 | D:9      | Reached skill level 17 in Axes
 11753 | D:9      | Reached skill level 5 in Armour
 12303 | D:9      | Received a gift from Trog
 12487 | D:9      | HP: 2/77 [something (6)]
 12488 | D:9      | Slain by an unseen horror

Skill      XL: |  1  2  3  4  5  6  7  8  9 10 |
---------------+-------------------------------+-----
Axes           | 4 5 6 8 9 11 13 16 17 | 17.2
Armour         | 8 |  8.1
Fighting       | |  3.6
Dodging        | |  2.1

Action                   |  1- 3 |  4- 6 |  7- 9 | 10-12 || total
-------------------------+-------+-------+-------+-------++-------
Melee: Hand axe          |    91 |   155 |   386 |   167 ||   799
       Headbutt          |     9 |    23 |    88 |    54 ||   174
       Battleaxe         |       |       |       |    22 ||    22
Invok: Berserk           |       |     2 |     8 |     7 ||    17
       Trog's Hand       |       |       |     1 |     2 ||     3
       Burn Spellbooks   |       |       |       |     1 ||     1
Evoke: Wand              |       |       |       |     1 ||     1
  Use: Scroll            |       |       |       |     6 ||     6
 Stab: Sleeping          |       |     1 |     2 |       ||     3
  Eat: Chunk             |     3 |     6 |    23 |    14 ||    46
       Bread ration      |       |     1 |       |       ||     1
       Fruit             |       |       |     2 |       ||     2
Armor: Animal skin       |    10 |    21 |     9 |       ||    40
       Scale mail        |       |       |    36 |    39 ||    75
Dodge: Dodged            |    71 |    89 |   132 |    67 ||   359
